Cogmind - Beta 16 @@@ ROGUE MODE // 2025.11.18 @ 13:54:24 Player: Scringis Result: Destroyed by S-10 Pest with Light Assault Rifle Performance ------------- Evolutions (0) 0 Regions Visited (2) 400 Robots Destroyed (28) 140 Value Destroyed (476) 476 Prototype IDs (0) 0 Alien Tech Used (0) 0 Bonus (0) 0 TOTAL SCORE: 1016 Bonus ------- None Cogmind --------- Core Integrity 0/250 Matter 276/300 Energy 247/250 System Corruption 2% Temperature Cool (6) Movement Core (550) Ox10 Location -10/Mines Parts ------- > --- POWER (1) -------- Ion Engine > --- PROPULSION (2) --- (None) > --- UTILITY (2) ------ Large Storage Unit Improved Signal Interpreter > --- WEAPON (2) ------- Minigun Light Cannon > --- INVENTORY (15) --- Ion Engine Ion Engine Large Storage Unit Beam Cannon Assault Rifle Assault Rifle Assault Rifle Assault Rifle Grenade Launcher Peak State ------------ > --- POWER ------------ Light Nuclear Core > --- PROPULSION ------- Light Treads Light Treads > --- UTILITY ---------- Improved Heat Sink Large Storage Unit > --- WEAPON ----------- Assault Rifle Light Assault Rifle > --- INVENTORY -------- Ion Engine Ion Engine Grenade Launcher [Rating: 11] Favorites ----------- Power Ion Engine Engine Ion Engine Power Core Light Nuclear Core Propulsion Light Treads Treads Light Treads Utility Large Storage Unit Device Improved Heat Sink Storage Large Storage Unit Processor Improved Signal Interpreter Weapon Light Cannon Energy Gun EM Pulse Gun Ballistic Gun Minigun Ballistic Cannon Light Cannon Build | -11 -10 -10 ------- Run | Yrd Mat Min Slots Evolved . | . . . Power . | . . . Propulsion . | . . . Utility . | . . . Weapon . | . . . Parts Attached 15 | 6 5 4 Power 3 | 1 1 1 Engine 2 | 1 . 1 Core 1 | . 1 . Reactor . | . . . Propulsion 2 | 2 . . Treads 2 | 2 . . Leg . | . . . Wheel . | . . . Hover . | . . . Flight . | . . . Utility 4 | 1 2 1 Device 1 | . 1 . Storage 2 | 1 1 . Processor 1 | . . 1 Hackware . | . . . Protection . | . . . Artifact . | . . . Weapon 6 | 2 2 2 Energy Gun 1 | 1 . . Energy Cannon . | . . . Ballistic Gun 4 | 1 1 2 Ballistic Cannon 1 | . 1 . Launcher . | . . . Special Weapon . | . . . Impact Weapon . | . . . Slashing Weapon . | . . . Piercing Weapon . | . . . Special Melee Weapon . | . . . Unidentified Prototypes . | . . . Parts Lost 5 | . 2 3 Power . | . . . Propulsion 2 | . . 2 Utility . | . . . Weapon 3 | . 2 1 Highest Loss Streak 2 | . 1 2 To Critical Strikes . | . . . Average Backups 7 | . 4 9 Power 2 | . 2 2 Propulsion . | . . . Utility . | . . 1 Weapon 4 | . 1 5 Tool/Special . | . . . Unused Backups 10 | 1 . 9 Power 2 | . . 2 Propulsion . | . . . Utility 1 | . . 1 Weapon 7 | 1 . 6 Tool/Special . | . . . Average Slot Usage (%) 82 | . 91 76 Engine 9 | . 3 13 Core 2 | . 6 . Treads 13 | . 28 5 Device 6 | . 10 3 Storage 14 | . 14 14 Processor 6 | . . 10 Energy Gun 1 | . 3 . Ballistic Gun 16 | . 20 14 Ballistic Cannon 10 | . 4 14 Peak Build Rating 11 | 6 11 11 Average Rating 8 | 4 8 9 On Entrance 5 | . 6 9 Avg Prop Armor Cover (%) . | . . . Naked Turns . | . . . Heaviest Build 32 | 14 30 32 Greatest Support 40 | 40 40 20 Greatest Overweight (x) 10 | . . 10 Average Overweight (x) 2 | . . 4 Largest Inventory Capacity 15 | 8 15 15 Average Capacity 14 | 7 14 15 Most Carried 12 | 2 12 12 Average Carried 7 | . 4 9 Final Capacity 15 | 8 15 15 Final Carried 12 | 1 12 9 Class Distribution -------------------- 100% | Mutant Dominant Class ---------------- Mutant | -10/Materials Mutant | -10/Mines Resources | -11 -10 -10 ----------- Run | Yrd Mat Min Matter Collected 661 | 139 347 175 Remotely . | . . . Salvage Created 566 | . 421 145 Parts 63 | . 42 21 Haulers Intercepted . | . . . Recyclers Shooed 1 | . 1 . Parts Field Recycled . | . . . Retrieved Matter . | . . . Parts Self-Destructed . | . . . Prevented . | . . . Parts Restored . | . . . Kills | -11 -10 -10 ------- Run | Yrd Mat Min Combat Hostiles Destroyed 25 | . 13 12 Guns 18 | . 11 7 Cannons 6 | . 1 5 AOE 1 | . 1 . Classes Destroyed 5 | . 5 . Worker 1 | . 1 . Builder 1 | . 1 . Operator 1 | . 1 . Swarmer 18 | . 6 12 Grunt 7 | . 7 . Best Kill Streak 6 | . 3 6 Combat Bots Only 6 | . 3 6 Max Kills in Single Turn 1 | . 1 1 Gunslinging . | . . . Exploded 1 | . 1 . Melee . | . . . Uniques/NPCs Destroyed . | . . . Combat | -11 -10 -10 -------- Run | Yrd Mat Min Hostile Shots Fired 155 | . 87 68 Missed 48 | . 30 18 Hits 107 | . 57 50 Projectile 107 | . 57 50 Damage Taken 1032 | . 605 427 Core 251 | . 90 161 Absorbed by Shields . | . . . Core Remaining (%) 100 | 100 . . Volleys Fired 73 | . 50 23 Largest 2 | . 2 2 Hottest 60 | . 60 55 Shots Fired 145 | . 99 46 Gun 115 | . 92 23 Cannon 30 | . 7 23 Launcher . | . . . Special . | . . . Kinetic 126 | . 80 46 Thermal . | . . . Explosive . | . . . Electromagnetic 19 | . 19 . Robot Hit Streak 14 | . 14 4 Robot Miss Streak 3 | . 3 3 Penetration Max . | . . . Secondary Targets 4 | . 4 . Max Gunslinging Chain 1 | . 1 . Shots Hit Robots 90 | . 68 22 Core Hits 39 | . 26 13 Critical Kills . | . . . Critical Parts Destroyed . | . . . Critical Strikes . | . . . Melee Attacks . | . . . Impact . | . . . Slashing . | . . . Piercing . | . . . Sneak Attacks . | . . . Combat Hostiles . | . . . Follow-up Attacks . | . . . Damage Inflicted 1413 | . 888 525 Guns 862 | . 694 168 Cannons 318 | . 124 194 Explosions 192 | . 48 144 Melee . | . . . Ramming 41 | . 22 19 Kinetic 1077 | . 715 362 Thermal 192 | . 48 144 Explosive . | . . . Electromagnetic 103 | . 103 . Impact . | . . . Slashing . | . . . Piercing . | . . . Highest Corruption 2 | . 2 2 Average Corruption 2 | . 2 2 Corruption Purged . | . . . Corruption Blocked . | . . . Effects 35 | . 9 26 Message Errors 11 | . 1 10 Matter Fused 5 | . 1 4 Heat Flow Errors 1 | . . 1 Energy Discharges 7 | . 3 4 Parts Rejected 1 | . 1 . Data Loss (minor) 6 | . 2 4 Data Loss (major) 2 | . . 2 Misfires 2 | . 1 1 Overload Shots . | . . . Overflow Damage 23 | . 8 15 Projectiles 8 | . 8 . Explosions 15 | . . 15 Melee . | . . . Knockbacks 3 | . 1 2 Impact 1 | . . 1 Kinetic 2 | . 1 1 Secondary . | . . . Self-Inflicted Damage 41 | . . 41 Shots 1 | . . 1 Rammed 8 | . 2 6 Targets Rammed 9 | . 3 6 Kicked . | . . . Crushed 1 | . 1 . Highest Temperature 146 | . 63 146 Average Temperature 31 | . 32 31 Received Heat Transfer 231 | . 231 . Siege Activations . | . . . Martial Activations . | . . . Shielding Activations . | . . . Robots Disrupted . | . . . Combat Hostiles . | . . . Robots Corrupted . | . . . Combat Hostiles . | . . . Parts Fried . | . . . Impact Corruptions . | . . . Robots Melted . | . . . Combat Hostiles . | . . . Parts Melted . | . . . Heat Transferred 250 | . 100 150 Parts Sabotaged . | . . . Parts Stolen . | . . . Parts Stripped . | . . . Power Chain Reactions 1 | . 1 . Alert | -11 -10 -10 ------- Run | Yrd Mat Min Maximum Alert Level . | . . . Low Security (%) 100 | 100 100 100 Level 1 . | . . . Level 2 . | . . . Level 3 . | . . . Level 4 . | . . . Level 5 . | . . . High Security . | . . . Max Security . | . . . Peak Influence 110 | . 91 110 Initial . | . . . Average 20 | . 31 14 Influence Increases 686 | . 376 310 Destroy 0b10 Robot/C 500 | . 260 240 Destroy 0b10 Robot/NC 15 | . 15 . Destroy Leader 100 | . 60 40 Successful Hack 40 | . 40 . Disable Machine 15 | . . 15 Destroy Structure 16 | . 1 15 Influence Decreases 656 | . 376 280 Time Decay 626 | . 356 270 Lost Part 30 | . 20 10 Squads Dispatched 2 | . 2 . Investigation . | . . . Extermination . | . . . Reinforcement 2 | . 2 . Assault . | . . . Garrison . | . . . Intercept . | . . . Searches Triggered . | . . . Construction Impeded . | . . . Haulers Reinforced . | . . . Active Scanning Responses . | . . . Cargo Convoy Interrupts . | . . . Stealth | -11 -10 -10 --------- Run | Yrd Mat Min Distress Signals 1 | . 1 . Communications Jammed . | . . . Distress Signals . | . . . Times Spotted 42 | . 27 15 Peak Tracking Total 3 | . 3 3 Tactical Retreats . | . . . Traps | -11 -10 -10 ------- Run | Yrd Mat Min Traps Triggered 1 | . 1 . Indirectly . | . . . Trap Hack Attempts . | . . . Triggered . | . . . Disarmed . | . . . Reprogrammed . | . . . Reused . | . . . Traps Extracted . | . . . Installed . | . . . Triggered . | . . . Machines | -11 -10 -10 ---------- Run | Yrd Mat Min Machines Disabled 1 | . . 1 Max in Single Turn 1 | . . 1 Machines Repaired . | . . . Machines Dismantled . | . . . Machines Sabotaged . | . . . Overloaded Fab Kills . | . . . Hacking | -11 -10 -10 --------- Run | Yrd Mat Min Machines Accessed 7 | . 6 1 Terminals 6 | . 6 . Fabricators . | . . . Repair Stations . | . . . Recycling Units . | . . . Scanalyzers . | . . . Garrison Access . | . . . Total Hacks 16 | . 15 1 Successful 11 | . 10 1 Failed 5 | . 5 . Catastrophic 2 | . 2 . Database Lockouts . | . . . Manual 16 | . 16 . Terminals 15 | . 15 . Fabricators . | . . . Repair Stations . | . . . Recycling Units . | . . . Scanalyzers . | . . . Garrison Access . | . . . Terminal Hacks 5 | . 4 1 Robot Analysis 2 | . 2 . Open Door 1 | . . 1 Branch Access Points 1 | . 1 . Terminal Index 1 | . 1 . Fabricator Hacks . | . . . Repair Station Hacks . | . . . Recycling Unit Hacks . | . . . Scanalyzer . | . . . Garrison Access Hacks . | . . . Unauthorized Hacks 6 | . 6 . Terminals 6 | . 6 . Botnet 6 | . 6 . Fabricators . | . . . Repair Stations . | . . . Recycling Units . | . . . Scanalyzers . | . . . Garrison Access . | . . . Data Cores Recovered . | . . . Used . | . . . Hacking Detections 6 | . 6 . Full Trace Events . | . . . Feedback Events . | . . . Feedback Blocked . | . . . Robot Schematics Acquired . | . . . Robots Built . | . . . Authchips . | . . . Time . | . . . Total Robot Build Rating . | . . . Part Schematics Acquired . | . . . Parts Built . | . . . Authchips . | . . . Time . | . . . Total Part Build Rating . | . . . Part Studies Acquired . | . . . Parts Repaired . | . . . Time . | . . . Parts Recycled . | . . . Recycled Matter . | . . . Retrieved Matter . | . . . Retrieved Components . | . . . Parts Scanalyzed . | . . . Part Schematics Acquired . | . . . Parts Damaged . | . . . Bothacking | -11 -10 -10 ------------ Run | Yrd Mat Min Used RIF Installer . | . . . Robots Hacked . | . . . Non-combat . | . . . Combat . | . . . Robot Hacks Applied . | . . . Relay Couplers Released . | . . . Fabnet Peak Effective % . | . . . Robots Rewired . | . . . Allies Hacked . | . . . Hacks Repelled . | . . . Allies | -11 -10 -10 -------- Run | Yrd Mat Min Total Allies . | . . . Largest Group . | . . . Highest-Rated Group . | . . . Highest-Rated Ally . | . . . Total Orders . | . . . Ally Attacks . | . . . Total Damage . | . . . Kills . | . . . Allies Corrupted . | . . . Allies Melted . | . . . Intel | -11 -10 -10 ------- Run | Yrd Mat Min Active Infowar (turns) . | . . . Robot Analysis Total 2 | . 2 . Derelict Logs Recovered 2 | . . 2 Drone Launches . | . . . Drone Recoveries . | . . . Exploration | -11 -10 -10 ------------- Run | Yrd Mat Min Turns Passed 2877 | 73 1050 1754 Spaces Moved 1023 | 41 542 440 Core 198 | 5 . 193 Treads 825 | 36 542 247 Legs . | . . . Wheels . | . . . Hover . | . . . Flight . | . . . Fastest Speed 50 | 50 160 240 Average Speed 252 | 146 160 375 Slowest Speed 550 | 160 160 550 Overloaded Moves . | . . . Propulsion Burnouts . | . . . Robots Hopped . | . . . Potential Cave-ins . | . . . Cave-ins Triggered . | . . . Exploration Rate (%) 61 | 4 84 95 Regions Visited 2 Branch Regions 1 Pre-discovered Areas . | . . . Known Exits Taken 1 | . 1 . Unknown Exits Taken 1 | 1 . . Scrap Searched 1 | . . 1 Spaces Dug . | . . . Terrain Destroyed 18 | . 1 17 Melee . | . . . Projectile . | . . . AOE 18 | . 1 17 Terrain Rammed . | . . . Walls Destroyed . | . . . Machines Disabled . | . . . Actions | -11 -10 -10 --------- Run | Yrd Mat Min Total 1169 | 55 631 483 Wait 19 | . 16 3 Move 1021 | 40 541 440 Hop . | . . . Pick Up 26 | 8 15 3 Fast Attach . | . . . Attach 12 | 6 4 2 Detach . | . . . Swap 3 | . 1 2 Drop 6 | 1 1 4 Fire 73 | . 50 23 Melee . | . . . Ram 3 | . . 3 Kick . | . . . Crush 6 | . 3 3 Escape Stasis . | . . . Rewire . | . . . Trap . | . . . Miscellaneous . | . . . Route ------- -11/Scrapyard -10/Materials (discovered 5 exits: *Mat x3 / *Min x2) -10/Mines (discovered 2 exits: *Mat x2) History --------- Turn | Location | Event 5 | -11/Scrapyard | Discovered new exit (range 15) 74 | -11/Scrapyard | Entered Materials 303 | -10/Materials | Build established: Mutant 360 | -10/Materials | Discovered new exit (range 12) 676 | -10/Materials | Discovered new exit (range 10) 718 | -10/Materials | Identified exit to Mines 834 | -10/Materials | Discovered new exit (range 15) 1124 | -10/Materials | Entered Mines 1161 | -10/Mines | Core integrity fell below 50% 1542 | -10/Mines | Discovered new exit (range 15) 1569 | -10/Mines | Met a Derelict who couldn't figure out how to use a Trap Extractor 1611 | -10/Mines | Identified exit to Materials 1740 | -10/Mines | Found a hidden stash of uninstalled traps 1771 | -10/Mines | Learned Materials trap positions 2867 | -10/Mines | Discovered exit to Materials (range 7) 2876 | -10/Mines | Core integrity fell below 20% 2878 | -10/Mines | Destroyed by S-10 Pest with Light Assault Rifle Last Messages --------------- 02201_ 4 INBTJSK :|VSJ%YEJHNWVU/HNJO4QD 02212_ Slammed into T-07 Excavator. 02340_ VITM%%=9KKAVOAZM#G64GYZ>99J&7TLOZ 02356_ System corrupted: Matter fused (-8). 02395_ K-01 Serf cleans the Seismic Survey Station. 02402_ TJFW>RT LXVSSGYWX2HCNB8 D /5%A2B:SEP> 02471_ Slammed into T-07 Excavator. 02483_ System corrupted: Matter fused (-7). 02500_ System corrupted: Energy discharge (-72). 02559_ Acquired 13 matter. 02564_ Acquired 8 matter. 02595_ HBOFSXF CEP